AoeStats
← santiago94

Socotra

506733842Analyzed
4v4 RM · 16d ago on Sep 14, 2026· 36m 36s· 8 players
Game mode
Random Map
Map size
148×148
Population
200
Speed
Normal
Resources
Standard
Victory
Conquest
Starting age
Dark Age
Ending age
Imperial Age
RankedLock teamsTeams togetherTeam positionsShared explorationLock speedFull tech treeHidden civsTurbo modeCheats
Victory
Defeat
🇨🇴 Bulgarians · Colombia
1025
+14
🇦🇷 Persians · Argentina
1014
+14
🇦🇷 Teutons · Argentina
985
+15
🇺🇸 Maya · United States
912
+18
🇦🇷 Magyars · Argentina
1181
-23
🇦🇷 Maya · Argentina
1177
-23
🇦🇷 Italians · Argentina
782
-8
🇲🇽 Byzantines · Mexico
750
-7
MABA
4:17 Loom
10:09 Feudal Age
11:54 Double-Bit Axe
20:17 Castle Age
19:33 Bloodlines
21:22 Scale Barding Armor
22:02 Bow Saw
22:36 Horse Collar
24:20 Husbandry
27:27 Pikeman
33:02 Fletching
33:14 Scale Mail Armor
LuluX
0:26 Loom
9:07 Feudal Age
9:40 Double-Bit Axe
13:01 Town Watch
13:11 Town Watch
13:37 Fletching
21:23 Castle Age
20:21 Gold Mining
21:12 Padded Archer Armor
21:34 Crossbowman
26:19 Bodkin Arrow
26:36 Forging
26:29 Arson
26:59 Eagle Warrior
28:33 Scale Mail Armor
30:04 Chain Mail Armor
30:31 Squires
31:15 Horse Collar
32:28 Leather Archer Armor
33:17 Arson
35:46 Iron Casting
35:35 Pikeman
NicoPereiira
6:30 Loom
10:10 Feudal Age
11:24 Double-Bit Axe
12:08 Horse Collar
18:54 Wheelbarrow
20:04 Scale Barding Armor
20:01 Padded Archer Armor
24:00 Castle Age
23:08 Gold Mining
23:38 Forging
23:21 Fletching
25:28 Scale Mail Armor
26:51 Pikeman
27:35 Squires
32:30 Bow Saw
33:16 Husbandry
33:49 Hand Cart
santiago94
10:37 Feudal Age
9:17 Loom
17:08 Double-Bit Axe
19:56 Wheelbarrow
20:41 Horse Collar
22:51 Fletching
23:02 Padded Archer Armor
26:23 Castle Age
27:05 Stone Mining
28:22 Bow Saw
28:28 Heavy Plow
28:29 Crossbowman
30:22 Stone Shaft Mining
29:55 Bodkin Arrow
31:14 Thumb Ring
31:41 Leather Archer Armor
33:01 Gold Mining
crepysa
6:59 Loom
9:41 Feudal Age
10:08 Double-Bit Axe
10:23 Horse Collar
18:28 Castle Age
17:23 Forging
17:55 Bloodlines
18:42 Scale Barding Armor
19:16 Wheelbarrow
24:11 Bow Saw
29:02 Gold Mining
29:03 Stone Mining
29:15 Squires
29:36 Town Watch
31:03 Hand Cart
35:10 Imperial Age
34:10 Iron Casting
33:58 Chain Barding Armor
35:10 Masonry
35:13 Fletching
35:25 Capped Ram
37:09 Blast Furnace
Producto.Machete
4:22 Loom
11:12 Feudal Age
11:44 Double-Bit Axe
14:54 Castle Age
13:04 Horse Collar
17:40 Scale Barding Armor
18:47 Bow Saw
20:27 Heavy Plow
24:23 Chain Barding Armor
24:41 Forging
26:09 Iron Casting
25:56 Husbandry
26:07 Bloodlines
27:49 Wheelbarrow
28:40 Fletching
29:12 Bodkin Arrow
28:58 Crossbowman
32:07 Gold Mining
32:45 Padded Archer Armor
34:47 Gold Shaft Mining
35:37 Thumb Ring
GodLyCrisCo
0:33 Loom
15:16 Feudal Age
17:54 Fletching
27:56 Castle Age
27:18 Padded Archer Armor
28:58 Thumb Ring
28:52 Bodkin Arrow
29:49 Crossbowman
30:37 Elite Skirmisher
33:08 Double-Bit Axe
33:21 Horse Collar
davince0285
10:43 Feudal Age
13:05 Loom
16:29 Horse Collar
21:40 Castle Age
19:50 Double-Bit Axe
20:32 Fletching
21:20 Padded Archer Armor
21:58 Elite Skirmisher
24:08 Bodkin Arrow
26:09 Wheelbarrow
27:28 Pikeman
28:09 Squires
28:26 Scale Mail Armor
29:16 Town Watch
30:12 Forging
31:15 Bow Saw
32:31 Leather Archer Armor
32:36 Gambesons
34:09 Gold Mining
38:59 Imperial Age
Connection lost

Rejoining the realm…

Still unreachable

The connection could not be restored.

Session expired

The server has moved on; the page needs a fresh start.